Map: Vigília Leste LE

Players

skymaster

  • Race: Protoss Protoss
  • League: Bronze
  • Spawn Location: 7:00

IagoAbreu - Winner!

  • Race: Protoss Protoss
  • Spawn Location: 1:00

VOD

Have the link to the VOD?

Description

Time

  • Played on: Feb. 21, 2018, 10:36 a.m.
  • Length: 7:05
Show
View Real Time Build Order
Export as new Build Order

skymaster Protoss 

Build Orders:  

Get SALT Encoding   

  12  0:12  Pylon  
  12  0:32  Gateway  
  12  0:57  Assimilator  
  12  1:09  Assimilator  
  12  1:21  Cybernetics Core  
  12  1:25  Probe  
  12  1:31  Pylon  
  13  1:38  Probe (Chrono Boost)  
  15  1:47  Probe (Chrono Boost)  
  15  1:52  Probe (Chrono Boost)  
  16  2:04  Probe  
  16  2:05  Stargate  
  17  2:16  Probe (Chrono Boost)  
  18  2:26  Probe (Chrono Boost)  
  19  2:31  Probe (Chrono Boost)  
  20  2:42  Probe (Chrono Boost)  
  21  2:50  Void Ray (Chrono Boost)  
  22  2:52  Probe (Chrono Boost)  
  22  2:57  Probe (Chrono Boost)  
  27  3:25  Void Ray  
  31  3:37  Pylon  
  31  3:43  Protoss Air Weapons Level 1 (Chrono Boost)  
  31  3:56  Pylon  
  31  4:07  Void Ray (Chrono Boost)  
  35  4:21  Nexus  
  35  4:42  Void Ray (Chrono Boost)  
Show
View Real Time Build Order
Export as new Build Order

IagoAbreu Protoss - Winner!

Build Orders:  

Get SALT Encoding   

  12  0:14  Pylon  
  12  0:15  Probe (Chrono Boost)  
  13  0:25  Probe (Chrono Boost)  
  14  0:30  Probe (Chrono Boost)  
  15  0:36  Forge  
  15  0:42  Probe  
  16  0:50  Assimilator  
  16  0:53  Assimilator  
  16  1:05  Gateway  
  16  1:16  Photon Cannon  
  16  1:18  Probe (Chrono Boost)  
  17  1:30  Probe (Chrono Boost)  
  18  1:40  Probe  
  18  1:43  Photon Cannon  
  19  1:52  Probe  
  20  1:59  Cybernetics Core  
  20  2:06  Probe (Chrono Boost)  
  21  2:18  Probe (Chrono Boost)  
  22  2:25  Probe (Chrono Boost)  
  23  2:42  Stargate  
  23  2:44  Pylon  
  23  2:48  Pylon  
  23  2:53  Photon Cannon  
  23  3:10  Stargate  
  23  3:24  Void Ray (Chrono Boost)  
  27  3:46  Protoss Air Weapons Level 1  
  27  3:54  Nexus  
  27  4:08  Void Ray  
  31  4:29  Void Ray  
  35  5:04  Void Ray (Chrono Boost)  
  35  5:09  Void Ray (Chrono Boost)  
  43  5:15  Pylon  
  43  5:25  Probe  
  44  5:38  Probe (Chrono Boost)  
  45  5:49  Probe (Chrono Boost)  
  46  5:54  Probe (Chrono Boost)  
  48  6:04  Probe  
  48  6:05  Assimilator  
  48  6:06  Assimilator  
  44  6:16  Probe  
Tags
 
League
Bronze
Matchup
PvP
Spawn Locations
Cross Positions
Add a new tag
Caveats
  • Supply blocks, unpowered buildings, or Contaminate may cause inaccurate times.
  • Supply counts are checked every 10 seconds.